 Dungeon Crawl Stone Soup version 0.29-a0-557-g43b9904bd1 (webtiles) character file.

Game seed: 6393322267627245447

2730 DocClef the Covert (level 9, -6/74 HPs)
             Began as a Gnoll Delver on June 8, 2022.
             Mangled by Joseph
             ... wielding a +0 quarterstaff
              (16 damage)
             ... on level 7 of the Dungeon.
             The game lasted 00:10:08 (9637 turns).

DocClef the Covert (Gnoll Delver)                   Turns: 9637, Time: 00:10:08

Health: -6/74      AC:  9    Str: 15      XL:     9   Next: 67%
Magic:  15/15      EV: 12    Int:  8 (9)  God:
Gold:   482        SH:  0    Dex: 15 (17) Spells: 16/16 levels left

rFire   . . .      SeeInvis +   G - +0 lajatang
rCold   . . .      Faith    .   (shield currently unavailable)
rNeg    + . .      Spirit   .   k - +1 scale mail
rPois   .          Reflect  .   (no helmet)
rElec   .          Harm     .   (no cloak)
rCorr   .          Rampage  .   x - +0 pair of gloves
Will    .....                   (no boots)
Stlth   +++.......              F - amulet of magic regeneration
HPRegen 0.22/turn               o - ring of positive energy
MPRegen 0.54/turn               w - ring of see invisible

@: no status effects
A: fangs 1, strong nose, distributed training, agile 1
a: no special abilities


You were on level 7 of the Dungeon.
You visited 1 branch of the dungeon, and saw 8 of its levels.

You collected 482 gold pieces.

Inventory:

Hand Weapons
 a - a +0 short sword
 G - a +0 lajatang (weapon)
Missiles
 B - 25 poisoned darts (quivered)
Armour
 b - a +0 leather armour
 j - +0 steam dragon scales
 k - a +1 scale mail (worn)
 x - a +0 pair of gloves (worn)
Jewellery
 o - a ring of positive energy (left hand)
 u - a ring of flight
 w - a ring of see invisible (right hand)
 F - an amulet of magic regeneration (around neck)
Wands
 g - a wand of digging (3)
 i - a wand of flame (24)
 n - a wand of paralysis (8)
 v - a wand of iceblast (15)
Scrolls
 c - 3 scrolls of fog
 d - 2 scrolls of magic mapping
 e - 2 scrolls of fear
 q - 2 scrolls of enchant armour
 s - 7 scrolls of identify {unknown}
 y - 2 scrolls of immolation {unknown}
 C - a scroll of brand weapon {unknown}
 D - 3 scrolls of enchant weapon {unknown}
 H - a scroll of summoning {unknown}
 I - a scroll of poison {unknown}
Potions
 f - a potion of haste
 h - a potion of curing
 m - a potion of flight
 z - 2 potions of attraction
 A - a potion of resistance {unknown}
 E - 2 potions of invisibility {unknown}


   Skills:
 + Level 8.0 Fighting
 + Level 6.5 Short Blades
 + Level 4.4 Long Blades
 + Level 4.4 Axes
 + Level 4.4 Maces & Flails
 + Level 4.4 Polearms
 + Level 4.4 Staves
 + Level 4.4 Slings
 + Level 4.4 Bows
 + Level 4.4 Crossbows
 + Level 4.4 Throwing
 + Level 4.4 Armour
 + Level 6.5 Dodging
 + Level 10.6 Stealth
 + Level 4.4 Shields
 + Level 4.4 Unarmed Combat
 + Level 4.4 Spellcasting
 + Level 3.7 Conjurations
 + Level 3.7 Hexes
 + Level 3.7 Summonings
 + Level 3.7 Necromancy
 + Level 3.7 Translocations
 + Level 3.7 Transmutations
 + Level 3.7 Fire Magic
 + Level 3.7 Ice Magic
 + Level 3.7 Air Magic
 + Level 3.7 Earth Magic
 + Level 3.7 Poison Magic
 + Level 4.9 Invocations
 + Level 4.4 Evocations


You had 16 spell levels left.
You didn't know any spells.
Your spell library contained the following spells:

 Spells                   Type           Power      Damage    Failure   Level
 Ensorcelled Hibernation  Hex/Ice        14%        N/A       34%         2
 Passwall                 Tmut/Erth      5%         N/A       34%         2
 Swiftness                Air            7%         N/A       56%         3


Dungeon Overview and Level Annotations

Branches:
Dungeon (8/15)             Temple (0/1) D:7
   Lair: D:8-11

Altars:
Kikubaaqudgha
Zin
The Shining One

Shops:
D:1 [   D:2 (

Annotations:
D:7 Joseph; Maggie
D:8 2 transporters, happo123's ghost, novice KoEn


Innate Abilities, Weirdness & Mutations

You have very sharp teeth.
Your uncanny sense of smell can sniff out nearby items.
Your experience applies equally to all skills.
You are agile. (Dex +2)


Message History

a +0 morningstar; a +0 leather armour; 9 gold pieces You closely miss Joseph.
You slash Joseph!
Joseph is moderately wounded.
Joseph shouts, "I love to fight!
I love killing!"
Joseph closely misses you. x2
You barely miss Joseph.
Joseph is moderately wounded.
Joseph hits you with a +0 quarterstaff.
You slash Joseph! You bite Joseph, but do no damage.
Joseph is moderately wounded.
Joseph hits you with a +0 quarterstaff!
You barely miss Joseph. You bite Joseph, but do no damage.
Joseph is moderately wounded.
An orc wizard comes into view. It is wielding a +0 dagger.
Joseph hits you but does no damage.
The orc wizard shouts!
You slash Joseph!
Joseph is heavily wounded.
You hear a shout! x2
Joseph hits you with a +0 quarterstaff.
The orc wizard casts a spell.
The orc wizard flickers and vanishes for a moment.
You barely miss Joseph.
Joseph is heavily wounded.
Joseph hits you with a +0 quarterstaff! Joseph hits you with a +0 quarterstaff.
You hit Joseph but do no damage. Your bite misses Joseph.
Joseph is heavily wounded.
Joseph closely misses you.
You slash Joseph!
Joseph is severely wounded.
Joseph hits you but does no damage.
You barely miss Joseph.
Joseph is severely wounded.
Joseph hits you with a +0 quarterstaff!
* * * LOW HITPOINT WARNING * * *
You slash Joseph!
Joseph is almost dead.
Joseph hits you with a +0 quarterstaff!
You die...

,,,.###******,...,*
,,,.....,,,,,,..#**
,,,.....##****#.#
,,,.......## #.#
,,,.....#..## #.#
,,,.........###.#
,,,.....#.#.....#
,,,...,,#.#...o@###
***Y,,**#.###.#.@.#
*,,,*,@.,,#.###.#
*,,,**##**#.....#
*,,,≈≈≈≈≈≈≈.#####
*,*,*######.#
*,*,*,..$.#.#
*,*,**#.#*#.#
*,,,,,#.*,..#
**,,,,,#,*,.##


You could see Joseph and an orc wizard (invisible).

Vanquished Creatures
  A kobold demonologist (D:8)
  A wyvern (D:6)
  A steam dragon (D:8)
  A sky beast (D:6)
  2 ice beasts
  A black bear (D:4)
  4 phantoms
  2 kobold brigands (D:8)
  3 bullfrogs
  3 scorpions
  5 wights
  3 howler monkeys (D:8)
  A hound (D:3)
  3 jellies
  An orc priest (D:3)
  3 iguanas (D:5)
  Ijyb (D:5)
  3 orc wizards
  6 gnolls
  8 adders
  3 shadow imps
  A worm (D:3)
  15 orcs
  4 ball pythons
  2 endoplasms
  4 giant cockroaches
  12 goblins
  2 hobgoblins
  9 jackals
  28 kobolds
  4 quokkas
  6 bats
  5 frilled lizards
  8 kobold skeletons (D:8)
  10 kobold zombies (D:8)
  7 rats
173 creatures vanquished.

Vanquished Creatures (others)
  A sky beast (D:7)
  6 plants (D:6)
7 creatures vanquished.

Grand Total: 180 creatures vanquished

Notes
Turn   | Place    | Note
-------+----------+-------------------------------------------
     0 | D:5      | Reached skill level 9 in Stealth
     0 | D:5      | DocClef the Gnoll Delver began the quest for the Orb.
     0 | D:5      | Reached XP level 1. HP: 23/23 MP: 1/1
    75 | D:5      | Noticed a scorpion
    85 | D:5      | Killed a scorpion
    86 | D:5      | Reached skill level 1 in Long Blades
    86 | D:5      | Reached skill level 1 in Axes
    86 | D:5      | Reached skill level 1 in Maces & Flails
    86 | D:5      | Reached skill level 1 in Polearms
    86 | D:5      | Reached skill level 1 in Staves
    86 | D:5      | Reached skill level 1 in Slings
    86 | D:5      | Reached skill level 1 in Bows
    86 | D:5      | Reached skill level 1 in Crossbows
    86 | D:5      | Reached skill level 1 in Throwing
    86 | D:5      | Reached skill level 1 in Armour
    86 | D:5      | Reached skill level 1 in Shields
    86 | D:5      | Reached skill level 1 in Unarmed Combat
    86 | D:5      | Reached skill level 1 in Spellcasting
    86 | D:5      | Reached skill level 1 in Invocations
    86 | D:5      | Reached skill level 1 in Evocations
    86 | D:5      | Reached XP level 2. HP: 4/29 MP: 1/3
    86 | D:5      | Reached XP level 3. HP: 5/35 MP: 1/4
    86 | D:5      | Reached XP level 4. HP: 6/41 MP: 1/5
    90 | D:5      | HP: 2/41 [poisoned by a scorpion]
   465 | D:5      | Reached skill level 1 in Conjurations
   465 | D:5      | Reached skill level 1 in Hexes
   465 | D:5      | Reached skill level 1 in Summonings
   465 | D:5      | Reached skill level 1 in Necromancy
   465 | D:5      | Reached skill level 1 in Translocations
   465 | D:5      | Reached skill level 1 in Transmutations
   465 | D:5      | Reached skill level 1 in Fire Magic
   465 | D:5      | Reached skill level 1 in Ice Magic
   465 | D:5      | Reached skill level 1 in Air Magic
   465 | D:5      | Reached skill level 1 in Earth Magic
   465 | D:5      | Reached skill level 1 in Poison Magic
   493 | D:5      | Noticed an ice beast
   498 | D:5      | Killed an ice beast
   499 | D:5      | Reached XP level 5. HP: 34/47 MP: 5/7
   588 | D:5      | Noticed a phantom
   611 | D:5      | Killed a phantom
   612 | D:5      | Reached XP level 6. HP: 12/53 MP: 8/8
   784 | D:5      | Reached skill level 5 in Short Blades
   784 | D:5      | Reached skill level 5 in Dodging
   998 | D:5      | Noticed Ijyb
  1003 | D:5      | Killed Ijyb
  1319 | D:5      | Reached XP level 7. HP: 60/60 MP: 10/10
  2085 | D:4      | Found a glowing golden altar of the Shining One.
  2861 | D:3      | Reached skill level 10 in Stealth
  4318 | D:1      | Found a faded altar of an unknown god.
  4553 | D:1      | Found Wamewi's Armour Emporium.
  5298 | D:2      | Reached XP level 8. HP: 29/67 MP: 12/12
  5617 | D:2      | Found Ecauntox's Antique Weapon Shoppe.
  5638 | D:2      | Found a glowing silver altar of Zin.
  6324 | D:4      | Identified the +2 leather armour of Gomea {rPois rC+ Str-3
                  | Int+6}
  7403 | D:6      | Noticed a wyvern
  7525 | D:6      | Killed a wyvern
  7888 | D:6      | You fall into a shaft and drop 2 floors!
  7964 | D:8      | Found a transporter.
  7978 | D:8      | Noticed happo123's ghost (novice KoEn)
  8007 | D:8      | Found a transporter.
  8208 | D:8      | Reached XP level 9. HP: 65/73 MP: 14/14
  8315 | D:8      | Noticed a kobold demonologist
  8328 | D:8      | Gained mutation: You do not regenerate when monsters are
                  | visible. [a neqoxec]
  8330 | D:8      | Killed a kobold demonologist
  8353 | D:8      | HP: 2/73 [kobold brigand/+0 short sword (6)]
  8358 | D:8      | HP: 4/111 [kobold/+0 dagger (2)]
  8651 | D:8      | Found an ancient bone altar of Kikubaaqudgha.
  9156 | D:8      | Lost mutation: You do not regenerate when monsters are
                  | visible. [potion of mutation]
  9156 | D:8      | Gained mutation: You are agile. (Dex +2) [potion of
                  | mutation]
  9611 | D:7      | Noticed Maggie
  9615 | D:7      | Noticed Joseph
  9637 | D:7      | Mangled by Joseph

Illustrated notes

Levels and vault maps discovered:
D:1:      amcnicky_arrival_single_pillar, layout_basic, serial_shops,
          nicolae_shop_window_shopping, shapermc_ecumenical_altar_ellora
D:2:      layout_loops_ring, serial_shops, nicolae_shop_statue_plus,
          basic_altar, kennysheep_generic_room_9
D:3:      layout_loops_ring, st_stairs_9
D:4:      layout_cave_pods, mainiacjoe_overflow_cross_hatched
D:5:      layout_loops_corners, palyth_stone_intersect, uniq_ijyb
D:6:      layout_rooms, mainiacjoe_overflow_boulevard,
          mainiacjoe_overflow_alcove_2, nicolae_wu_jian_wuxing_cycle
D:7:      layout_loops_ring, nicolae_uskayaw_en_pointe, lemuel_tele_altar,
          minmay_temple_entry_overgrown, enter_bailey_2, serial_bayou,
          serial_bayou_crossing, serial_bayou_pond_a, serial_bayou_shore_a,
          serial_bayou_pond_c, grunt_decor_cap, hangedman_glass_teeth,
          uniq_joseph, uniq_crazy_yiuf_cottage, uniq_maggie
D:8:      wander_kiku_kobolds, layout_loops_cross, gammafunk_ghost_arena

Skill      XL: |  1  2  3  4  5  6  7  8  9 |
---------------+----------------------------+-----
Stealth        | 10 | 10.6
Long Blades    | 1 2 3 4 |  4.4
Axes           | 1 2 3 4 |  4.4
Maces & Flails | 1 2 3 4 |  4.4
Polearms       | 1 2 3 4 |  4.4
Staves         | 1 2 3 4 |  4.4
Slings         | 1 2 3 4 |  4.4
Bows           | 1 2 3 4 |  4.4
Crossbows      | 1 2 3 4 |  4.4
Throwing       | 1 2 3 4 |  4.4
Armour         | 1 2 3 4 |  4.4
Shields        | 1 2 3 4 |  4.4
Unarmed Combat | 1 2 3 4 |  4.4
Spellcasting   | 1 2 3 4 |  4.4
Invocations    | 1 2 3 4 |  4.9
Evocations     | 1 2 3 4 |  4.4
Conjurations   | 1 2 3 |  3.7
Hexes          | 1 2 3 |  3.7
Summonings     | 1 2 3 |  3.7
Necromancy     | 1 2 3 |  3.7
Translocations | 1 2 3 |  3.7
Transmutations | 1 2 3 |  3.7
Fire Magic     | 1 2 3 |  3.7
Ice Magic      | 1 2 3 |  3.7
Air Magic      | 1 2 3 |  3.7
Earth Magic    | 1 2 3 |  3.7
Poison Magic   | 1 2 3 |  3.7
Short Blades   | 5 6 |  6.5
Dodging        | 5 6 |  6.5
Fighting       | 7 8 |  8.0

Action                   |  1- 3 |  4- 6 |  7- 9 || total
-------------------------+-------+-------+-------++-------
Melee: Short sword       |    10 |    80 |   408 ||   498
       Bite              |       |     6 |    70 ||    76
       Punch             |       |       |     6 ||     6
       Lajatang          |       |       |   264 ||   264
  Use: Potion            |       |       |     8 ||     8
       Scroll            |       |       |     5 ||     5
 Stab: Sleeping          |       |     6 |    28 ||    34
       Distracted        |       |       |     1 ||     1
Armor: Leather armour    |     2 |     7 |       ||     9
       Scale mail        |       |    10 |   263 ||   273
       Skin              |       |       |    16 ||    16
Dodge: Dodged            |     4 |    32 |   343 ||   379

Table legend: (Time is in decaauts)
 A = Elapsed time spent in this place.
 B = Non-inter-level travel time spent in this place.
 C = Inter-level travel time spent in this place.
 D = Time resting spent in this place.
 E = Time spent auto-exploring this place.
 F = Levels seen in this place.
 G = Mean time per level.
                   A        B        C        D        E       F      G
               +--------+--------+--------+--------+--------+-----+--------+
         Total |   9608 |   9302 |    306 |   2814 |   4852 |   8 | 1201.0 |
       Dungeon |   9608 |   9302 |    306 |   2814 |   4852 |   8 | 1201.0 |
               +--------+--------+--------+--------+--------+-----+--------+

Top non-repeatable levels by time:
     D:5: 2131 daAuts
     D:4: 1777 daAuts
     D:8: 1750 daAuts
     D:3: 1361 daAuts
     D:1: 1031 daAuts
     D:2: 946 daAuts
     D:6: 569 daAuts
     D:7: 40 daAuts
